 Dungeon Crawl Stone Soup version 0.31-a0-23-gcbde74481b (webtiles) character file.

Game seed: 3916884116294616156

987 pk666 the Magician (level 7, -2/36 HPs)
             Began as a Deep Elf Hedge Wizard on May 13, 2023.
             Killed by divine providence
             ... invoked by an orc priest
              (16 damage)
             ... on level 5 of the Dungeon on May 14, 2023.
             The game lasted 00:14:23 (5677 turns).

pk666 the Magician (Deep Elf Hedge Wizard)          Turns: 5677, Time: 00:14:24

Health: -2/36      AC:  4    Str:  7    XL:     7   Next: 97%
Magic:  3/20       EV: 12    Int: 27    God:
Gold:   237        SH:  0    Dex: 14    Spells: 12/21 levels left

rFire   . . .        a - +0 dagger
rCold   . . .        (no shield)
rNeg    . . .        b - +0 robe
rPois   .            c - +0 hat
rElec   .            (no cloak)
rCorr   .            e - +1 pair of gloves {hurl}
SInv    .            (no boots)
Will    .....        (no amulet)
Stlth   ++           p - +6 ring of intelligence
HPRegen 0.26/turn    s - ring of wizardry
MPRegen 0.17/turn

%: wizardry (x1)
@: no status effects
A: no striking features
a: no special abilities


You were on level 5 of the Dungeon.
You visited 1 branch of the dungeon, and saw 5 of its levels.

You collected 237 gold pieces.

Inventory:

Hand Weapons
 a - a +0 dagger (weapon)
Armour
 b - a +0 robe (worn)
 c - a +0 hat (worn)
 e - a +1 pair of gloves of hurling (worn)
 u - a +2 pair of gloves
Jewellery
 p - a +6 ring of intelligence (left hand)
 s - a ring of wizardry (right hand)
Scrolls
 g - a scroll of noise {unknown}
 h - 4 scrolls of immolation {unknown}
 i - 4 scrolls of amnesia {unknown}
 k - 2 scrolls of poison {unknown}
 o - 4 scrolls of identify {unknown}
 q - a scroll of teleportation {unknown}
 r - 2 scrolls of blinking {unknown}
 x - a scroll of fog {unknown}
Potions
 d - a potion of magic
 f - 3 potions of heal wounds
 j - a potion of berserk rage {unknown}
 l - 4 potions of curing {unknown}
 m - 3 potions of flight {unknown}
 n - a potion of invisibility {unknown}
 t - a potion of brilliance {unknown}
 v - a potion of haste {unknown}
 w - a potion of attraction {unknown}
 z - a potion of might {unknown}


   Skills:
 - Level 2.4 Dodging
 - Level 2.4 Stealth
 + Level 7.5 Spellcasting
 * Level 7.1 Conjurations
 - Level 1.1 Summonings
 - Level 1.8 Translocations
 - Level 2.0 Air Magic
 - Level 2.0 Earth Magic
 - Level 3.0 Poison Magic


You had 12 spell levels left.
You knew the following spells:

 Your Spells              Type           Power      Damage    Failure   Level
a - Magic Dart            Conj           100%       1d8       1%          1
b - Blink                 Tloc           40%        N/A       1%          2
c - Mephitic Cloud        Conj/Pois/Air  31%        N/A       1%          3
d - Stone Arrow           Conj/Erth      68%        3d11      1%          3

Your spell library contained the following spells:

 Spells                   Type           Power      Damage    Failure   Level
 Sandblast                Erth           40%        2d10      1%          1
 Cigotuvi's Dreadful Rot  Necr/Pois/Air  38%        N/A       1%          2
 Slow                     Hex            40%        N/A       2%          1
 Call Imp                 Summ           32%        N/A       2%          2
 Passwall                 Tmut/Erth      12%        N/A       2%          2
 Confusing Touch          Hex            10%        N/A       7%          3
 Vampiric Draining        Necr           10%        2d6       7%          3


Dungeon Overview and Level Annotations

Branches:
Dungeon (5/15)
 Temple: D:4-7

Altars:
Cheibriados
Fedhas
Makhleb
Nemelex Xobeh
Sif Muna


Message History

An orc and a shadow imp come into view.
Casting: Mephitic Cloud (safe; 1% risk of failure)
Confirm with . or Enter, or press ? or * to list all spells.
Aiming: Stone Arrow (safe; 1% risk of failure)
Press: ? - help, Shift-Dir - straight line, f/p - iguana
Aim: an iguana (moderately wounded, confused, 94% to hit)
The stone arrow hits the iguana!
You kill the iguana!
The orc shouts!
A scorpion comes into view.
Casting: Stone Arrow (safe; 1% risk of failure)
Confirm with . or Enter, or press ? or * to list all spells.
Aiming: Stone Arrow (safe; 1% risk of failure)
Press: ? - help, Shift-Dir - straight line, f - orc priest
Aim: an orc priest, wielding a +0 dagger and wearing a +0 chain mail (81% to hit)
The stone arrow hits the orc priest!
The orc priest is severely wounded.
Casting: Stone Arrow (safe; 1% risk of failure)
Confirm with . or Enter, or press ? or * to list all spells.
Aiming: Stone Arrow (safe; 1% risk of failure)
Press: ? - help, Shift-Dir - straight line, f/p - orc priest
Aim: an orc priest, wielding a +0 dagger and wearing a +0 chain mail (severely wounded, 81% to hit)
The stone arrow hits the orc priest!
You kill the orc priest!
Your Conjurations skill increases to level 7!
Casting: Stone Arrow (safe; 1% risk of failure)
Confirm with . or Enter, or press ? or * to list all spells.
Aiming: Stone Arrow (safe; 1% risk of failure)
Press: ? - help, Shift-Dir - straight line, f - shadow imp
Aim: a shadow imp (71% to hit)
The stone arrow hits the shadow imp!!
You kill the shadow imp!
You hear a shout!
An orc priest comes into view. It is wielding a +0 mace.
The orc priest calls down the wrath of Beogh upon you.
Beogh smites you!
The orc priest looks braver for a moment.
The orc priest mumbles some strange prayers to Beogh against you.
Beogh smites you!
You die...

# ###.##.##.####.# # #.##.##.#
#.# . # #.......# #.# #.. #
####.##### #.#######... #
#.....# #....#...... # #####.#
#.##...#### ### ##
##.###.##.'##~~###~#
.###########...##.##.#†~~~~~'.#
................@.##.#~~~~~~'~#
.###.....###<..##.##.'##~~###~#
..............###o###..####.###
.###.....###### #....†........
..........# ##)##..######
.#####.##.########.###.# .#
#.##.....................
.#####.#########..o...........
.......# #.....o........


You could see an orc priest and an orc.

Vanquished Creatures
  A water moccasin (D:5)
  A black bear (D:5)
  An ice beast (D:5)
  An ogre (D:5)
  A phantom (D:5)
  A scorpion (D:5)
  A jelly (D:4)
  A crimson imp (D:4)
  2 orc priests
  2 hounds (D:5)
  3 iguanas (D:5)
  2 orc wizards (D:3)
  Robin (D:4)
  6 adders
  2 shadow imps (D:5)
  A white imp (D:4)
  A worm (D:3)
  2 dart slugs (D:3)
  4 orcs
  7 ball pythons
  3 endoplasms
  4 giant cockroaches
  6 goblins
  8 hobgoblins
  A jackal (D:5)
  5 quokkas
  4 bats (D:1)
  2 frilled lizards
  4 kobolds
  5 rats
83 creatures vanquished.

Notes
Turn   | Place    | Note
-------+----------+-------------------------------------------
     0 | D:1      | pk666 the Deep Elf Hedge Wizard began the quest for the
                  | Orb.
     0 | D:1      | Reached XP level 1. HP: 10/10 MP: 7/7
   314 | D:1      | You fall into a shaft and drop 1 floor!
   321 | D:2      | Found a snail-covered altar of Cheibriados.
   416 | D:1      | Reached XP level 2. HP: 15/15 MP: 2/9
  1536 | D:2      | Reached XP level 3. HP: 14/19 MP: 1/11
  1615 | D:2      | Learned a level 2 spell: Blink
  1619 | D:2      | Learned a level 3 spell: Mephitic Cloud
  2155 | D:3      | Reached skill level 5 in Spellcasting
  2195 | D:3      | Reached skill level 1 in Poison Magic
  2410 | D:3      | Found a burning altar of Makhleb.
  2411 | D:3      | Found a sparkling altar of Nemelex Xobeh.
  2535 | D:3      | Reached XP level 4. HP: 24/24 MP: 10/13
  2596 | D:3      | Reached skill level 1 in Air Magic
  2792 | D:3      | Reached XP level 5. HP: 28/28 MP: 6/14
  2877 | D:3      | Learned a level 3 spell: Stone Arrow
  3905 | D:4      | Reached skill level 1 in Earth Magic
  3905 | D:4      | Reached XP level 6. HP: 32/32 MP: 2/16
  4205 | D:4      | Noticed Robin
  4229 | D:4      | Killed Robin
  4401 | D:4      | Found a shimmering blue altar of Sif Muna.
  4406 | D:4      | Found a blossoming altar of Fedhas.
  4723 | D:5      | Entered Level 5 of the Dungeon
  4726 | D:5      | Noticed a water moccasin
  4731 | D:5      | Killed a water moccasin
  4968 | D:5      | Reached skill level 5 in Conjurations
  5116 | D:5      | Reached XP level 7. HP: 36/36 MP: 11/18
  5677 | D:5      | Killed from afar by an orc priest

Illustrated notes

Levels and vault maps discovered:
D:1:      minmay_arrival_doors, layout_basic, chequers_mini_garden,
          nicolae_eternal_life, hangedman_abyss_or_decor_lesser_grid,
          minivault_4, minmay_pentomino_r2
D:2:      layout_loops_ring, basic_altar
D:3:      layout_basic, chequers_temple_overflow_statue_of_worship,
          minmay_misc_feat_five, minivault_11, kennysheep_nondescript,
          chequers_big_river
D:4:      layout_gridville, mainiacjoe_overflow_big_doors,
          minmay_fire_ice_demons, uniq_robin
D:5:      layout_loops_ring, gup_sewer_entry_bowl, wad_floor_pattern_2,
          minmay_fractal_squares_diagonal_5

Skill      XL: |  1  2  3  4  5  6  7 |
---------------+----------------------+-----
Conjurations   | 2 3 4 5 7 |  7.1
Spellcasting   | 5 6 7 |  7.5
Poison Magic   | 1 2 3 |  3.0
Air Magic      | 1 2 |  2.0
Earth Magic    | 1 2 |  2.0
Dodging        | |  2.4
Stealth        | |  2.4
Summonings     | |  1.1
Translocations | |  1.8

Action                     |  1- 3 |  4- 6 |  7- 9 || total
---------------------------+-------+-------+-------++-------
  Melee: Dagger            |       |     2 |       ||     2
   Cast: Magic Dart        |    82 |    74 |    24 ||   180
         Mephitic Cloud    |       |     5 |     2 ||     7
         Stone Arrow       |       |    22 |    14 ||    36
    Use: Potion            |     1 |       |       ||     1
 Armour: Robe              |     5 |     1 |     1 ||     7
  Dodge: Dodged            |    16 |     2 |     3 ||    21

Table legend: (Time is in decaauts)
 A = Elapsed time spent in this place.
 B = Non-inter-level travel time spent in this place.
 C = Inter-level travel time spent in this place.
 D = Time resting spent in this place.
 E = Time spent auto-exploring this place.
 F = Levels seen in this place.
 G = Mean time per level.
                   A        B        C        D        E       F      G
               +--------+--------+--------+--------+--------+-----+--------+
         Total |   5696 |   5544 |    152 |   1186 |   3820 |   5 | 1139.2 |
       Dungeon |   5696 |   5544 |    152 |   1186 |   3820 |   5 | 1139.2 |
               +--------+--------+--------+--------+--------+-----+--------+

Top non-repeatable levels by time:
     D:4: 1343 daAuts
     D:1: 1273 daAuts
     D:3: 1232 daAuts
     D:2: 961 daAuts
     D:5: 885 daAuts
